AoeStats
← bosmang

Arabia

509638997Analyzed
1v1 RM · 4d ago on Sep 27, 2026· 58m 16s· 2 players
Game mode
Random Map
Map size
Tiny (2 player)
Population
200
Speed
Normal
Resources
Standard
Victory
Conquest
Starting age
Dark Age
Ending age
Imperial Age
RankedLock teamsTeams togetherTeam positionsShared explorationLock speedFull tech treeHidden civsTurbo modeCheats
Victory
Defeat
🇪🇸 Berbers · Spain
1121
+16
🇩🇪 Koreans · Germany
1115
-16
bosmang
4:37 Loom
11:17 Feudal Age
13:39 Town Watch
17:28 Castle Age
16:11 Double-Bit Axe
18:13 Scale Mail Armor
18:11 Horse Collar
19:10 Pikeman
24:38 Chain Mail Armor
24:33 Forging
25:10 Fletching
28:22 Bow Saw
32:09 Bodkin Arrow
34:57 Masonry
36:19 Wheelbarrow
35:45 Town Patrol
36:27 Heavy Plow
38:28 Squires
40:56 Iron Casting
42:41 Ballistics
42:17 Murder Holes
47:37 Imperial Age
47:13 Hand Cart
47:53 Elite Fire Lancer
47:55 Man-at-Arms
47:56 Halberdier
52:16 Plate Mail Armor
56:28 Bracer
57:49 Architecture
57:24 Siege Engineers
58:20 Chemistry
57:06 Arrowslits
Stepanek90
2:39 Loom
9:57 Feudal Age
19:30 Castle Age
17:39 Double-Bit Axe
18:05 Horse Collar
19:00 Gold Mining
20:11 Stone Mining
22:35 Wheelbarrow
21:48 Town Watch
25:43 Fletching
27:50 Bodkin Arrow
32:29 Scale Barding Armor
32:35 Forging
37:30 Bow Saw
38:02 Bloodlines
41:41 Imperial Age
41:23 Hand Cart
41:29 Hand Cart
41:15 Town Patrol
43:44 Chain Barding Armor
43:27 Bracer
45:43 Gold Shaft Mining
45:43 Stone Shaft Mining
47:45 Iron Casting
48:43 Padded Archer Armor
49:44 Blast Furnace
50:09 Plate Barding Armor
49:51 Leather Archer Armor
50:58 Elite Skirmisher
54:40 Ballistics
55:20 Chemistry
56:44 Ring Archer Armor
56:12 Elite Camel Archer
57:13 Conscription
57:31 Masonry
57:17 Murder Holes
Connection lost

Rejoining the realm…

Still unreachable

The connection could not be restored.

Session expired

The server has moved on; the page needs a fresh start.